| TOP OF THE 1ST |
|
Beloit Snappers batting - Pitching for Burlington Bees : RHP Tim Anderson
|
|
Pitching: RHP Tim Anderson
|
|
|
Batting: RHB Larry Clark
|
0-0: Foul Ball, location: 2F 0-1: Ball 1-1: Called Strike 1-2: Strikes out swinging
|
|
Batting: RHB Tim Cordle
|
0-0: Foul Ball, location: 2F 0-1: Ball 1-1: Ball 2-1: Ball 3-1: Called Strike 3-2: Ground out 6-3 (Groundball, 6, EV 81.2 MPH)
|
|
Batting: LHB Chance Stever
|
0-0: Ball 1-0: Fly out, F9 (Flyball, 9, EV 88.8 MPH)
|
| Top of the 1st over - 0 runs, 0 hits, 0 errors, 0 left on base; Beloit 0 - Burlington 0 |
| BOTTOM OF THE 1ST |
|
Burlington Bees batting - Pitching for Beloit Snappers : LHP Sean Zech
|
|
Pitching: LHP Sean Zech
|
|
|
Batting: RHB Timoleon Tsikouna
|
0-0: Ball 1-0: Foul Ball, location: 2F 1-1: Ball 2-1: Foul Ball, location: 2F 2-2: Strikes out swinging
|
|
Batting: LHB Dave Hicks
|
0-0: Ball 1-0: Ball 2-0: Foul Ball, location: 2F 2-1: Called Strike 2-2: Foul Ball, location: 2F 2-2: Foul Ball, location: 2F 2-2: Strikes out swinging
|
|
Batting: RHB Peter Westover
|
0-0: Ball 1-0: Ball 2-0: Ground out 5-3 (Groundball, 56, EV 96.2 MPH)
|
| Bottom of the 1st over - 0 runs, 0 hits, 0 errors, 0 left on base; Beloit 0 - Burlington 0 |
| TOP OF THE 2ND |
|
Beloit Snappers batting - Pitching for Burlington Bees : RHP Tim Anderson
|
|
Batting: LHB Henry Hutson
|
0-0: Called Strike 0-1: Fly out, F9 (Flyball, 9S, EV 95.0 MPH)
|
|
Batting: SHB John Cummings
|
0-0: Ball 1-0: Called Strike 1-1: Ball 2-1: Ball 3-1: Called Strike 3-2: Foul Ball, location: 2F 3-2: Base on Balls
|
|
Batting: RHB Josh Whaley
|
0-0: Fly out, F9 (Flyball, 9, EV 91.2 MPH)
|
|
Batting: RHB Todd Vanasco
|
0-0: Ball 1-0: Ball 2-0: Foul Ball, location: 2F 2-1: Foul Ball, location: 2F 2-2: Foul Ball, location: 2F 2-2: Foul Ball, location: 2F 2-2: Ball 3-2: Strikes out swinging
|
| Top of the 2nd over - 0 runs, 0 hits, 0 errors, 1 left on base; Beloit 0 - Burlington 0 |
| BOTTOM OF THE 2ND |
|
Burlington Bees batting - Pitching for Beloit Snappers : LHP Sean Zech
|
|
Batting: RHB Josh Faulconer
|
0-0: SINGLE (Line Drive, 8RS, EV 111.2 MPH)
|
|
Batting: RHB Dan Burkhart
|
0-0: Called Strike 0-1: Grounds into double play, 6-4-3 (Groundball, 56, EV 89.4 MPH)
|
|
Batting: RHB J.R. Roberts
|
0-0: Ball 1-0: Swinging Strike 1-1: Swinging Strike 1-2: Ball 2-2: Fly out, F8 (Flyball, 78M, EV 73.8 MPH)
|
| Bottom of the 2nd over - 0 runs, 1 hit, 0 errors, 0 left on base; Beloit 0 - Burlington 0 |
| TOP OF THE 3RD |
|
Beloit Snappers batting - Pitching for Burlington Bees : RHP Tim Anderson
|
|
Batting: RHB Jose Marquez
|
0-0: Ball 1-0: DOUBLE (Groundball, 5L, EV 97.5 MPH)
|
|
Batting: RHB Rick Linders
|
0-0: Called Strike 0-1: SINGLE (Groundball, 4D, EV 98.8 MPH) Jose Marquez to third
|
|
Batting: RHB Larry Clark
|
0-0: Called Strike 0-1: Swinging Strike 0-2: Ball 1-2: Foul Ball, location: 2F 1-2: SINGLE (Groundball, 56, EV 106.2 MPH) (infield hit) Jose Marquez scores Rick Linders to second
|
|
Batting: RHB Tim Cordle
|
0-0: Ball 1-0: Ball 2-0: Called Strike 2-1: Ball 3-1: Base on Balls Rick Linders to third Larry Clark to second
|
|
Batting: LHB Chance Stever
|
0-0: Ball 1-0: Foul Ball, location: 2F 1-1: Grounds into double play, 4-6-3 (Groundball, 4, EV 81.9 MPH) Rick Linders scores Larry Clark to third
|
|
Batting: LHB Henry Hutson
|
0-0: Ball 1-0: Fly out, F9 (Flyball, 9, EV 83.1 MPH)
|
| Top of the 3rd over - 2 runs, 3 hits, 0 errors, 1 left on base; Beloit 2 - Burlington 0 |
| BOTTOM OF THE 3RD |
|
Burlington Bees batting - Pitching for Beloit Snappers : LHP Sean Zech
|
|
Batting: LHB Mutsuo IIda
|
0-0: Foul Ball, location: 2F 0-1: Ball 1-1: SINGLE (Line Drive, 78S, EV 96.2 MPH)
|
|
Batting: RHB Areda Obote
|
0-0: Ball 1-0: Fielders Choice at 2nd, 5-4 (Groundball, 56, EV 91.2 MPH)
|
|
Batting: LHB Alberto Carrillo
|
0-0: Foul Ball, location: 2F 0-1: Ball 1-1: Swinging Strike 1-2: Foul Ball, location: 2F 1-2: Fly out, F9 (Flyball, 89S, EV 95.0 MPH)
|
|
Batting: RHB Timoleon Tsikouna
|
0-0: Ball 1-0: Ball 2-0: Ball 3-0: Called Strike 3-1: Called Strike 3-2: Base on Balls Areda Obote to second
|
|
Batting: LHB Dave Hicks
|
0-0: Ball 1-0: Ball 2-0: Fielders Choice at 2nd, U4 (Groundball, 4M, EV 83.1 MPH)
|
| Bottom of the 3rd over - 0 runs, 1 hit, 0 errors, 2 left on base; Beloit 2 - Burlington 0 |
| TOP OF THE 4TH |
|
Beloit Snappers batting - Pitching for Burlington Bees : RHP Tim Anderson
|
|
Batting: SHB John Cummings
|
0-0: Ball 1-0: Ball 2-0: Ball 3-0: Base on Balls
|
|
Batting: RHB Josh Whaley
|
0-0: Ball 1-0: Swinging Strike Passed Ball! John Cummings to second 1-1: Foul Ball, location: 2F 1-2: Ground out 1-3 (Groundball, 13, EV 74.4 MPH) John Cummings to third
|
|
Batting: RHB Todd Vanasco
|
0-0: Ball 1-0: Fly out, F9 (Flyball, 9LM, EV 90.0 MPH) Runner from 3rd tags up, SCORES, throw by RF
|
|
Batting: RHB Jose Marquez
|
0-0: Called Strike 0-1: Swinging Strike 0-2: Ball 1-2: Reached on error, E4 (Groundball, 4, EV 83.1 MPH)
|
|
Batting: RHB Rick Linders
|
0-0: Swinging Strike 0-1: Fielders Choice at 2nd, U4 (Groundball, 4M, EV 103.1 MPH)
|
| Top of the 4th over - 1 run, 0 hits, 1 error, 1 left on base; Beloit 3 - Burlington 0 |
| BOTTOM OF THE 4TH |
|
Burlington Bees batting - Pitching for Beloit Snappers : LHP Sean Zech
|
|
Batting: RHB Peter Westover
|
0-0: Foul Ball, location: 2F 0-1: Ball 1-1: Swinging Strike 1-2: Ball 2-2: Foul Ball, location: 2F 2-2: Foul Ball, location: 2F 2-2: Strikes out looking
|
|
Batting: RHB Josh Faulconer
|
0-0: Ball 1-0: Foul Ball, location: 2F 1-1: Called Strike 1-2: Fly out, F3 (Flyball, 3D, EV 92.5 MPH)
|
|
Batting: RHB Dan Burkhart
|
0-0: Ball 1-0: Ball 2-0: Ball 3-0: Called Strike 3-1: Swinging Strike 3-2: Foul Ball, location: 2F 3-2: SINGLE (Flyball, 8LS, EV 95.6 MPH)
|
|
Batting: RHB J.R. Roberts
|
0-0: Foul Ball, location: 2F 0-1: Ball 1-1: Foul Ball, location: 2F 1-2: Strikes out swinging
|
| Bottom of the 4th over - 0 runs, 1 hit, 0 errors, 1 left on base; Beloit 3 - Burlington 0 |
| TOP OF THE 5TH |
|
Beloit Snappers batting - Pitching for Burlington Bees : RHP Tim Anderson
|
|
Batting: RHB Larry Clark
|
0-0: Fly out, F7 (Flyball, 78M, EV 85.0 MPH)
|
|
Batting: RHB Tim Cordle
|
0-0: SINGLE (Groundball, 6MD, EV 102.5 MPH)
|
|
Batting: LHB Chance Stever
|
0-0: SINGLE (Line Drive, 9S, EV 102.5 MPH) Tim Cordle to second
|
|
Batting: LHB Henry Hutson
|
0-0: 3-RUN HOME RUN (Flyball, 89XD, EV 103.8 MPH), Distance : 401 ft
|
|
Pitching: RHP Adam Hefner
|
|
|
Batting: SHB John Cummings
|
0-0: Ground out 6-3 (Groundball, 4S, EV 68.1 MPH)
|
|
Batting: RHB Josh Whaley
|
0-0: Swinging Strike 0-1: Ball 1-1: Ball 2-1: Foul Ball, location: 2F 2-2: Ground out 5-3 (Groundball, 56S, EV 78.8 MPH)
|
| Top of the 5th over - 3 runs, 3 hits, 0 errors, 0 left on base; Beloit 6 - Burlington 0 |
| BOTTOM OF THE 5TH |
|
Burlington Bees batting - Pitching for Beloit Snappers : LHP Sean Zech
|
|
Batting: LHB Mutsuo IIda
|
0-0: Swinging Strike 0-1: Ball 1-1: Fly out, F7 (Flyball, 7, EV 91.9 MPH)
|
|
Batting: RHB Areda Obote
|
0-0: Ball 1-0: Ball 2-0: Foul Ball, location: 2F 2-1: SINGLE (Groundball, 15S, EV 67.5 MPH) (infield hit)
|
|
Batting: LHB Alberto Carrillo
|
0-0: Foul Ball, location: 2F 0-1: Ball 1-1: Swinging Strike 1-2: Strikes out swinging
|
|
Batting: RHB Timoleon Tsikouna
|
0-0: Ball 1-0: Ball 2-0: Foul Ball, location: 2F 2-1: Ball 3-1: DOUBLE (Flyball, 78D, EV 105.6 MPH) Areda Obote to third Runner from 3rd tries for Home, SAFE, no throw by LF
|
|
Batting: LHB Dave Hicks
|
0-0: Ball 1-0: Called Strike 1-1: Ball 2-1: Ball 3-1: Called Strike 3-2: Strikes out looking
|
| Bottom of the 5th over - 1 run, 2 hits, 0 errors, 1 left on base; Beloit 6 - Burlington 1 |
| TOP OF THE 6TH |
|
Beloit Snappers batting - Pitching for Burlington Bees : RHP Adam Hefner
|
|
Batting: RHB Todd Vanasco
|
0-0: Called Strike 0-1: Ball 1-1: Swinging Strike 1-2: Ball 2-2: Strikes out swinging
|
|
Batting: RHB Jose Marquez
|
0-0: Called Strike 0-1: Ball 1-1: Ball 2-1: Ball 3-1: Called Strike 3-2: Foul Ball, location: 2F 3-2: Strikes out looking
|
|
Batting: RHB Rick Linders
|
0-0: Ball 1-0: Ball 2-0: Called Strike 2-1: Ground out 3-1 (Groundball, 34, EV 85.6 MPH)
|
| Top of the 6th over - 0 runs, 0 hits, 0 errors, 0 left on base; Beloit 6 - Burlington 1 |
| BOTTOM OF THE 6TH |
|
Burlington Bees batting - Pitching for Beloit Snappers : LHP Sean Zech
|
|
Batting: RHB Peter Westover
|
0-0: Ball 1-0: Foul Ball, location: 2F 1-1: Ball 2-1: Foul Ball, location: 2F 2-2: Strikes out looking
|
|
Batting: RHB Josh Faulconer
|
0-0: Ball 1-0: Ball 2-0: Called Strike 2-1: Swinging Strike 2-2: Foul Ball, location: 2F 2-2: SINGLE (Groundball, 6MD, EV 107.5 MPH)
|
|
Pitching: RHP Ari Kuusinen
|
|
|
Batting: RHB Dan Burkhart
|
0-0: Ball 1-0: Ball 2-0: Ball 3-0: Foul Ball, location: 2F 3-1: Foul Ball, location: 2F 3-2: Base on Balls Josh Faulconer to second
|
|
Batting: RHB J.R. Roberts
|
0-0: Fly out, F9 (Flyball, 89D, EV 85.6 MPH) Runner from 2nd tags up, SAFE at 3rd, no throw by RF
|
|
Batting: LHB Mutsuo IIda
|
0-0: Ball Dan Burkhart is caught stealing 2nd base 2-6
|
| Bottom of the 6th over - 0 runs, 1 hit, 0 errors, 1 left on base; Beloit 6 - Burlington 1 |
| TOP OF THE 7TH |
|
Beloit Snappers batting - Pitching for Burlington Bees : RHP Adam Hefner
|
|
Pinch Hitting: LHB Larry Prey
|
0-0: Ball 1-0: Swinging Strike 1-1: Fly out, F9 (Flyball, 9, EV 91.9 MPH)
|
|
Batting: RHB Tim Cordle
|
0-0: Foul Ball, location: 2F 0-1: Ball 1-1: Ball 2-1: Fly out, F9 (Flyball, 89S, EV 89.4 MPH)
|
|
Batting: LHB Chance Stever
|
0-0: Called Strike 0-1: Ball 1-1: Ball 2-1: SOLO HOME RUN (Flyball, 9LD, EV 95.6 MPH), Distance : 380 ft
|
|
Batting: LHB Henry Hutson
|
0-0: Called Strike 0-1: Ball 1-1: Called Strike 1-2: Ball 2-2: Ball 3-2: Base on Balls
|
|
Batting: SHB John Cummings
|
0-0: Ball 1-0: 2-RUN HOME RUN (Flyball, 7D, EV 96.2 MPH), Distance : 375 ft
|
|
Pitching: RHP Chris Petrey
|
|
|
Batting: RHB Josh Whaley
|
0-0: Foul Ball, location: 2F 0-1: Ball 1-1: Ball 2-1: Ball 3-1: Swinging Strike 3-2: Strikes out swinging
|
| Top of the 7th over - 3 runs, 2 hits, 0 errors, 0 left on base; Beloit 9 - Burlington 1 |
| BOTTOM OF THE 7TH |
|
Burlington Bees batting - Pitching for Beloit Snappers : RHP Ari Kuusinen
|
|
Now at 2B: Larry Prey
|
|
|
Batting: LHB Mutsuo IIda
|
0-0: Ball 1-0: Ground out 3-1 (Groundball, 13, EV 85.6 MPH)
|
|
Batting: RHB Areda Obote
|
0-0: Foul Ball, location: 2F 0-1: Swinging Strike 0-2: Strikes out looking
|
|
Batting: LHB Alberto Carrillo
|
0-0: Foul Ball, location: 2F 0-1: Ball 1-1: Called Strike 1-2: Ball 2-2: Foul Ball, location: 2F 2-2: Ground out 6-3 (Groundball, 6, EV 76.2 MPH)
|
| Bottom of the 7th over - 0 runs, 0 hits, 0 errors, 0 left on base; Beloit 9 - Burlington 1 |
| TOP OF THE 8TH |
|
Beloit Snappers batting - Pitching for Burlington Bees : RHP Chris Petrey
|
|
Batting: RHB Todd Vanasco
|
0-0: Foul Ball, location: 2F 0-1: Ball 1-1: Ball 2-1: Foul Ball, location: 2F 2-2: Ball 3-2: SINGLE (Groundball, 25, EV 75.6 MPH) (infield hit)
|
|
Batting: RHB Jose Marquez
|
0-0: Ball 1-0: Ball 2-0: Called Strike 2-1: Called Strike 2-2: Strikes out swinging
|
|
Batting: RHB Rick Linders
|
0-0: Ball 1-0: Fly out, F9 (Line Drive, 9S, EV 94.4 MPH)
|
|
Batting: LHB Larry Prey
|
0-0: Ball 1-0: Foul Ball, location: 2F 1-1: Foul Ball, location: 2F 1-2: Ball 2-2: Ground out 4-3 (Groundball, 4, EV 84.4 MPH)
|
| Top of the 8th over - 0 runs, 1 hit, 0 errors, 1 left on base; Beloit 9 - Burlington 1 |
| BOTTOM OF THE 8TH |
|
Burlington Bees batting - Pitching for Beloit Snappers : RHP Ari Kuusinen
|
|
Batting: RHB Timoleon Tsikouna
|
0-0: Foul Ball, location: 2F 0-1: Ground out 1-3 (Groundball, 34S, EV 63.1 MPH)
|
|
Batting: LHB Dave Hicks
|
0-0: Ball 1-0: Foul Ball, location: 2F 1-1: Foul Ball, location: 2F 1-2: Strikes out swinging
|
|
Pinch Hitting: LHB Jamie Diebel
|
0-0: Ball 1-0: Foul Ball, location: 2F 1-1: Foul Ball, location: 2F 1-2: Ball 2-2: DOUBLE (Line Drive, 5D, EV 96.2 MPH)
|
|
Batting: RHB Josh Faulconer
|
0-0: Called Strike 0-1: SINGLE (Groundball, 34D, EV 103.1 MPH) Jamie Diebel to third Runner from 3rd tries for Home, SAFE, throw by RF to home
|
|
Batting: RHB Dan Burkhart
|
0-0: Ball 1-0: Ball 2-0: Ball 3-0: Called Strike 3-1: Fly out, F8 (Flyball, 8LS, EV 80.0 MPH)
|
| Bottom of the 8th over - 1 run, 2 hits, 0 errors, 1 left on base; Beloit 9 - Burlington 2 |
| TOP OF THE 9TH |
|
Beloit Snappers batting - Pitching for Burlington Bees : RHP Chris Petrey
|
|
Now at SS: Winikeneke Keikemamake
|
|
|
Pinch Hitting: RHB Casey Nicita
|
0-0: Ball 1-0: Foul Ball, location: 2F 1-1: Ball 2-1: Fly out, F9 (Flyball, 89D, EV 100.6 MPH)
|
|
Pitching: RHP Jamie Snyder
|
|
|
Batting: LHB Chance Stever
|
0-0: Ball 1-0: Swinging Strike 1-1: Fly out, F8 (Flyball, 8RD, EV 86.9 MPH)
|
|
Batting: LHB Henry Hutson
|
0-0: Called Strike 0-1: Swinging Strike 0-2: SOLO HOME RUN (Flyball, 7LD, EV 93.1 MPH), Distance : 345 ft
|
|
Batting: SHB John Cummings
|
0-0: Ball 1-0: Called Strike 1-1: Foul Ball, location: 2F 1-2: Ball 2-2: Foul Ball, location: 2F 2-2: Ball 3-2: Strikes out looking
|
| Top of the 9th over - 1 run, 1 hit, 0 errors, 0 left on base; Beloit 10 - Burlington 2 |
| BOTTOM OF THE 9TH |
|
Burlington Bees batting - Pitching for Beloit Snappers : RHP Ari Kuusinen
|
|
Pitching: RHP Danny Levinger
|
|
|
Now at 1B: Casey Nicita
|
|
|
Batting: RHB J.R. Roberts
|
0-0: Ball 1-0: Foul Ball, location: 2F 1-1: Ball 2-1: Ground out 6-3 (Groundball, 6, EV 87.5 MPH)
|
|
Batting: LHB Mutsuo IIda
|
0-0: Swinging Strike 0-1: Foul Ball, location: 2F 0-2: Strikes out swinging
|
|
Batting: RHB Areda Obote
|
0-0: Ball 1-0: Fly out, F8 (Flyball, 8RD, EV 96.2 MPH)
|
| Bottom of the 9th over - 0 runs, 0 hits, 0 errors, 0 left on base; Beloit 10 - Burlington 2 |
|